Hurricanes vs Flyers

Created - February 23, 2016 at 17:47

Goals
1 2 3 OT1 T
Hurricanes 1 1 0 1 3
Flyers 0 1 1 0 2
Shots
1 2 3 OT1 T
Hurricanes 9 11 12 1 33
Flyers 6 9 8 0 23

1st period

1. Hurricanes , Brad Richardson 15 (James Wisniewski) at 12:21

Penalties :
Alexander Killorn (PHI) for Hooking (Minor) at 4:25

2nd period

2. Flyers , Mike Santorelli 21 (Damien Brunner, Kyle Brodziak) at 4:34
3. Hurricanes , Scott Gomez 9 (Bryan Little) at 6:11

Penalties :
Luca Sbisa (PHI) for Tripping (Minor) at 13:44

3rd period

4. Flyers , Damien Brunner 7 (Gabriel Bourque, Ryan Ellis) at 9:21

Penalties :
Brian Gionta (PHI) for Hooking (Minor) at 1:50, Luca Sbisa (PHI) for Hooking (Minor) at 6:06

Overtime #1

5. Hurricanes , Bryan Little 24 (Dustin Byfuglien, Michael Frolik) at 0:42

Penalties :
No Penalty

Goalie Stats

Eddie Lack (CAR), 21 saves from 23 shots - (0.913), W, 18-12-3, 60:43 minutes
Devan Dubnyk (PHI), 30 saves from 33 shots - (0.909), OTL, 22-10-8, 60:43 minutes

Players Stats for Hurricanes

Player Name              G  A  P  +/- PIM S  H  SB GA TA FO     MP     PP MP  PK MP  
------------------------------------------------------------------------------------
Brad Richardson          1  0  1   0  0   4  0  0  0  0  5/8     9:53   0:00   0:00 
Brian Boyle              0  0  0   0  0   1  0  0  0  0  3/9     6:01   0:00   0:00 
Brian Strait             0  0  0  -1  0   0  2  1  0  0  0/0    11:10   0:00   0:00 
Brooks Orpik             0  0  0  -2  0   0  1  1  0  0  0/0    15:40   0:00   0:00 
Bryan Little             1  1  2   1  0   5  0  0  0  0  16/31  24:52   4:36   0:00 
Carl Hagelin             0  0  0   0  0   4  0  0  0  0  2/2    15:54   0:00   0:00 
Dustin Byfuglien         0  1  1   2  0   0  1  1  0  0  0/0    24:34   4:14   0:00 
James Wisniewski         0  1  1   2  0   2  0  0  0  0  0/0    23:51   4:14   0:00 
Jamie McGinn             0  0  0  -1  0   0  0  0  0  0  2/2    19:57   3:20   0:00 
Keith Yandle             0  0  0   0  0   4  1  3  0  0  0/0    20:29   3:42   0:00 
Leo Komarov              0  0  0  -1  0   2  5  1  0  0  7/19   16:37   0:00   0:00 
Michael Frolik           0  1  1  -1  0   1  0  0  0  0  1/1    17:20   0:00   0:00 
Nick Foligno             0  0  0   1  0   5  5  0  0  0  1/1    24:09   4:36   0:00 
Patrick Maroon           0  0  0   0  0   2  2  0  0  0  1/2    13:13   3:20   0:00 
Raphael Diaz             0  0  0  -1  0   0  0  0  0  0  0/0     8:12   3:42   0:00 
Ron Hainsey              0  0  0   0  0   0  3  1  0  0  0/0    17:30   0:00   0:00 
Scott Gomez              1  0  1   1  0   2  0  0  0  0  4/6    22:53   3:20   0:00 
Shawn Matthias           0  0  0   0  0   1  0  0  0  0  1/1    10:37   4:36   0:00 

Players Stats for Flyers

Player Name              G  A  P  +/- PIM S  H  SB GA TA FO     MP     PP MP  PK MP  
------------------------------------------------------------------------------------
Alexander Killorn        0  0  0  -1  2   2  2  0  0  0  1/1    18:38   0:00   0:12 
Andrew MacDonald         0  0  0   0  0   1  0  2  0  0  0/0    20:25   0:00   3:19 
Brian Gionta             0  0  0  -1  2   2  0  0  0  0  1/2    18:26   0:00   0:00 
Damien Brunner           1  1  2   1  0   1  0  0  0  0  1/2    17:08   0:00   0:00 
Damon Severson           0  0  0   0  0   0  0  0  0  0  0/0    19:14   0:00   0:00 
Dan Boyle                0  0  0   0  0   1  3  4  0  0  0/0    21:43   0:00   3:12 
Gabriel Bourque          0  1  1   1  0   0  2  0  0  0  1/1     7:50   0:00   3:11 
James Sheppard           0  0  0   1  0   1  0  0  0  0  1/9     7:50   0:00   3:11 
Jean-Gabriel Pageau      0  0  0   0  0   3  3  0  0  0  13/22  17:12   0:00   0:00 
Joel Ward                0  0  0   0  0   6  0  0  0  0  1/3    21:11   0:00   4:42 
Kyle Brodziak            0  1  1   0  0   2  1  0  0  0  11/21  16:37   0:00   4:08 
Luca Sbisa               0  0  0   0  4   0  1  2  0  0  0/0    14:47   0:00   1:36 
Mark Fistric             0  0  0   0  0   0  3  0  0  0  0/0     7:39   0:00   3:46 
Mike Ribeiro             0  0  0  -1  0   0  0  0  0  0  8/18   19:10   0:00   0:00 
Mike Santorelli          1  0  1   0  0   4  0  0  0  0  0/1    12:54   0:00   0:25 
Pierre-Alexandr Parentea 0  0  0   0  0   0  0  0  0  0  1/2    16:32   0:00   0:03 
Ryan Ellis               0  1  1   0  0   0  2  0  0  0  0/0    17:22   0:00   0:12 
Tom Gilbert              0  0  0   0  0   0  1  0  0  0  0/0    20:14   0:00   3:47 

3 Stars

1 - Bryan Little (CAR)
2 - Damien Brunner (PHI)
3 - Scott Gomez (CAR)

Power Play

Hurricanes - 0 on 4 Attempt(s) - 0.00%
Flyers - 0 on 0 Attempt(s) - 0.00%

Penalty Kill

Hurricanes - 0 on 0 Attempt(s) - 0.00% - Score 0 goal in Penalty Kill
Flyers - 4 on 4 Attempt(s) - 100.00% - Score 0 goal in Penalty Kill

Team Stat

Hurricanes - Hits : 20 - Faceoff Wins : 43 - Blocked Shots : 8 - Penalty Minutes : 0
Flyers - Hits : 18 - Faceoff Wins : 39 - Blocked Shots : 8 - Penalty Minutes : 8

Official

Referees : Chris Lee and Dean Morton
Linesman : Steve Miller and Brian Mach

Game Notes

No Game Note

Finance

Level 1 -- Attendance: 5751 (88.48%) -- Ticket Income $649,863
Level 2 -- Attendance: 5000 (100.00%) -- Ticket Income $395,000
Level 3 -- Attendance: 3284 (93.83%) -- Ticket Income $147,780
Level 4 -- Attendance: 2738 (77.41%) -- Ticket Income $71,188
Luxury Box -- Attendance: 757 (75.70%) -- Ticket Income $170,325
Game was played at the Wells Fargo Center.
Total Attendance: 17530 (89.73%)
Total Ticket Income: $1,434,156
Other Income: $215,123
Total Income: $1,649,279

% Time on Ice - Hurricanes

Lines # - Real PCT - Wanted PCT - Time Play
Normal Forward
1 - 38% - 38% - 19:33
2 - 32% - 31% - 16:37
3 - 19% - 20% - 9:53
4 - 12% - 11% - 6:01
Normal Defense
1 - 38% - 38% - 19:37
2 - 32% - 31% - 16:47
3 - 21% - 21% - 11:10
4 - 9% - 10% - 4:30
PP Forward
1 - 58% - 58% - 4:36
2 - 42% - 42% - 3:20
PP Defense
1 - 53% - 58% - 4:14
2 - 47% - 42% - 3:42
PK Forward
1 - 0% - 58%
2 - 0% - 42%
PK Defense
1 - 0% - 58%
2 - 0% - 42%
PK3 Forward
1 - 0% - 55%
2 - 0% - 45%
PK3 Defense
1 - 0% - 55%
2 - 0% - 45%
44 Forward
1 - 0% - 55%
2 - 0% - 45%
44 Defense
1 - 0% - 55%
2 - 0% - 45%
Last Minute Offensive  - 0:00
Last Minute Defensive  - 0:00
Total
Forward - 60:00
Defense - 60:00

% Time on Ice - Flyers

Lines # - Real PCT - Wanted PCT - Time Play
Normal Forward
1 - 35% - 32% - 18:27
2 - 32% - 32% - 16:29
3 - 24% - 25% - 12:29
4 - 9% - 11% - 4:39
Normal Defense
1 - 36% - 33% - 18:31
2 - 32% - 32% - 16:27
3 - 25% - 25% - 13:13
4 - 7% - 10% - 3:53
PP Forward
1 - 0% - 55%
2 - 0% - 45%
PP Defense
1 - 0% - 55%
2 - 0% - 45%
PK Forward
1 - 60% - 55% - 4:45
2 - 40% - 45% - 3:11
PK Defense
1 - 52% - 55% - 4:09
2 - 48% - 45% - 3:47
PK3 Forward
1 - 0% - 60%
2 - 0% - 40%
PK3 Defense
1 - 0% - 50%
2 - 0% - 50%
44 Forward
1 - 0% - 50%
2 - 0% - 50%
44 Defense
1 - 0% - 50%
2 - 0% - 50%
Last Minute Offensive  - 0:00
Last Minute Defensive  - 0:00
Total
Forward - 60:00
Defense - 60:00

Play by Play

1st period


0:01 of 1st period - Mike Ribeiro wins face-off versus Bryan Little in neutral zone.
0:18 of 1st period - Shot by Nick Foligno.
0:18 of 1st period - Shot Misses the Net.
0:20 of 1st period - Shot by Bryan Little.
0:20 of 1st period - Stopped by Devan Dubnyk without a rebound.
0:21 of 1st period - Jean-Gabriel Pageau wins face-off versus Leo Komarov in Flyers zone.
0:21 of 1st period - Jean-Gabriel Pageau is hit by Leo Komarov.
0:29 of 1st period - Shot by Pierre-Alexandr Parenteau.
0:29 of 1st period - Shot Misses the Net.
0:55 of 1st period - Shot by Jean-Gabriel Pageau.
0:55 of 1st period - Deflect By Joel Ward.
0:55 of 1st period - Shot Misses the Net.
0:57 of 1st period - Shot by Tom Gilbert.
0:57 of 1st period - Shot Misses the Net.
2:00 of 1st period - Shot by Carl Hagelin.
2:00 of 1st period - Shot Hit the Post.
2:02 of 1st period - Shot by Brian Strait.
2:02 of 1st period - Shot Misses the Net.
2:04 of 1st period - Shot by Patrick Maroon.
2:04 of 1st period - Shot Blocked by Dan Boyle.
2:06 of 1st period - Shot by Carl Hagelin.
2:06 of 1st period - Deflect By Brad Richardson.
2:06 of 1st period - Shot Misses the Net.
2:20 of 1st period - Shot by Carl Hagelin.
2:20 of 1st period - Shot Misses the Net.
2:53 of 1st period - Icing by James Wisniewski.
2:54 of 1st period - Bryan Little wins face-off versus Jean-Gabriel Pageau in Hurricanes zone.
2:54 of 1st period - Bryan Little is hit by Jean-Gabriel Pageau.
3:10 of 1st period - Shot by Pierre-Alexandr Parenteau.
3:10 of 1st period - Shot Misses the Net.
3:12 of 1st period - Shot by Ryan Ellis.
3:12 of 1st period - Shot Misses the Net.
3:18 of 1st period - Shot by Jean-Gabriel Pageau.
3:18 of 1st period - Stopped by Eddie Lack with a rebound.
3:20 of 1st period - Shot by Joel Ward.
3:20 of 1st period - Stopped by Eddie Lack without a rebound.
3:21 of 1st period - James Sheppard wins face-off versus Brian Boyle in Hurricanes zone.
3:37 of 1st period - Carl Hagelin is hit by Mark Fistric and loses puck.
3:47 of 1st period - Carl Hagelin is hit by Mark Fistric and loses puck.
4:25 of 1st period - Minor Penalty to Alexander Killorn for Hooking.
4:26 of 1st period - Kyle Brodziak wins face-off versus Scott Gomez in Flyers zone.
5:09 of 1st period - James Wisniewski is hit by Mark Fistric and loses puck.
5:39 of 1st period - Shot by Bryan Little.
5:39 of 1st period - Shot Misses the Net.
5:41 of 1st period - Shot by Keith Yandle.
5:41 of 1st period - Shot Blocked by Luca Sbisa.
5:43 of 1st period - Shot by Keith Yandle.
5:43 of 1st period - Stopped by Devan Dubnyk without a rebound.
5:44 of 1st period - Joel Ward wins face-off versus Bryan Little in Flyers zone.
6:34 of 1st period - Icing by Brooks Orpik.
6:35 of 1st period - Michael Frolik wins face-off versus Brian Gionta in Hurricanes zone.
7:02 of 1st period - Icing by Dan Boyle.
7:03 of 1st period - Carl Hagelin wins face-off versus Mike Ribeiro in Flyers zone.
7:03 of 1st period - Dustin Byfuglien is hit by Dan Boyle.
8:03 of 1st period - Shot by Pierre-Alexandr Parenteau.
8:03 of 1st period - Shot Misses the Net.
8:05 of 1st period - Shot by Tom Gilbert.
8:05 of 1st period - Deflect By Joel Ward.
8:05 of 1st period - Stopped by Eddie Lack without a rebound.
8:06 of 1st period - Jamie McGinn wins face-off versus Kyle Brodziak in Hurricanes zone.
8:11 of 1st period - Shot by Luca Sbisa.
8:11 of 1st period - Shot Blocked by Brian Strait.
8:22 of 1st period - Icing by Brooks Orpik.
8:23 of 1st period - Leo Komarov wins face-off versus Jean-Gabriel Pageau in Hurricanes zone.
8:38 of 1st period - Shot by Leo Komarov.
8:38 of 1st period - Stopped by Devan Dubnyk without a rebound.
8:39 of 1st period - Kyle Brodziak wins face-off versus Bryan Little in Flyers zone.
8:46 of 1st period - Shot by Mike Santorelli.
8:46 of 1st period - Stopped by Eddie Lack without a rebound.
8:47 of 1st period - Kyle Brodziak wins face-off versus Bryan Little in Hurricanes zone.
9:25 of 1st period - Shot by Bryan Little.
9:25 of 1st period - Shot Misses the Net.
10:24 of 1st period - Ryan Ellis is hit by Leo Komarov and loses puck.
11:02 of 1st period - Icing by Raphael Diaz.
11:03 of 1st period - Mike Ribeiro wins face-off versus Brian Boyle in Hurricanes zone.
11:10 of 1st period - Shot by Alexander Killorn.
11:10 of 1st period - Stopped by Eddie Lack without a rebound.
11:11 of 1st period - Bryan Little wins face-off versus Mike Ribeiro in Hurricanes zone.
11:24 of 1st period - Shot by Nick Foligno.
11:24 of 1st period - Shot Misses the Net.
11:26 of 1st period - Shot by Keith Yandle.
11:26 of 1st period - Shot Misses the Net.
11:40 of 1st period - Shot by Mike Ribeiro.
11:40 of 1st period - Deflect By Alexander Killorn.
11:40 of 1st period - Shot Misses the Net.
12:21 of 1st period - Shot by Brad Richardson.
12:21 of 1st period - Goal by Brad Richardson - Hurricanes : 1 - Flyers : 0.
12:22 of 1st period - Gabriel Bourque wins face-off versus Leo Komarov in neutral zone.
12:34 of 1st period - Icing by Damien Brunner.
12:35 of 1st period - Brad Richardson wins face-off versus James Sheppard in Flyers zone.
12:40 of 1st period - Shot by Carl Hagelin.
12:40 of 1st period - Stopped by Devan Dubnyk with a rebound.
12:43 of 1st period - Icing by Andrew MacDonald.
12:44 of 1st period - Leo Komarov wins face-off versus James Sheppard in Flyers zone.
13:49 of 1st period - Shot by Joel Ward.
13:49 of 1st period - Shot Misses the Net.
14:14 of 1st period - Icing by Keith Yandle.
14:15 of 1st period - Brian Gionta wins face-off versus Bryan Little in Hurricanes zone.
14:18 of 1st period - Shot by Brian Gionta.
14:18 of 1st period - Stopped by Eddie Lack without a rebound.
14:19 of 1st period - Brad Richardson wins face-off versus Mike Ribeiro in Hurricanes zone.
15:12 of 1st period - Damien Brunner is hit by Patrick Maroon and loses puck.
15:20 of 1st period - Icing by Andrew MacDonald.
15:21 of 1st period - Scott Gomez wins face-off versus Kyle Brodziak in Flyers zone.
16:04 of 1st period - Shot by Scott Gomez.
16:04 of 1st period - Shot Blocked by Luca Sbisa.
16:06 of 1st period - Shot by Nick Foligno.
16:06 of 1st period - Stopped by Devan Dubnyk with a rebound.
16:26 of 1st period - Shot by Leo Komarov.
16:26 of 1st period - Stopped by Devan Dubnyk without a rebound.
16:27 of 1st period - Mike Ribeiro wins face-off versus Brian Boyle in Flyers zone.
16:33 of 1st period - Off-side.
16:34 of 1st period - Jamie McGinn wins face-off versus Mike Ribeiro in neutral zone.
16:41 of 1st period - Shot by Michael Frolik.
16:41 of 1st period - Stopped by Devan Dubnyk without a rebound.
16:42 of 1st period - Brian Boyle wins face-off versus Jean-Gabriel Pageau in Flyers zone.
16:43 of 1st period - Shot by Carl Hagelin.
16:43 of 1st period - Deflect By Brian Boyle.
16:43 of 1st period - Shot Misses the Net.
16:45 of 1st period - Shot by Keith Yandle.
16:45 of 1st period - Stopped by Devan Dubnyk without a rebound.
16:46 of 1st period - Bryan Little wins face-off versus Jean-Gabriel Pageau in Flyers zone.
18:16 of 1st period - Icing by Keith Yandle.
18:17 of 1st period - Damien Brunner wins face-off versus Leo Komarov in Hurricanes zone.
18:28 of 1st period - Shot by Damien Brunner.
18:28 of 1st period - Shot Blocked by Keith Yandle.
19:38 of 1st period - Joel Ward is hit by Brian Strait.
19:55 of 1st period - Icing by Damon Severson.
19:56 of 1st period - Bryan Little wins face-off versus Jean-Gabriel Pageau in Flyers zone.
Goals for this period are 1 for Hurricanes vs 0 for Flyers.
Shots for this period are 9 for Hurricanes vs 6 for Flyers.

2nd period


0:01 of 2nd period - Bryan Little wins face-off versus Mike Ribeiro in neutral zone.
0:36 of 2nd period - Shot by Nick Foligno.
0:36 of 2nd period - Deflect By Bryan Little.
0:36 of 2nd period - Stopped by Devan Dubnyk without a rebound.
0:37 of 2nd period - Kyle Brodziak wins face-off versus Brian Boyle in Flyers zone.
0:46 of 2nd period - Shot by Kyle Brodziak.
0:46 of 2nd period - Shot Blocked by Brooks Orpik.
0:54 of 2nd period - Shot by Damien Brunner.
0:54 of 2nd period - Shot Misses the Net.
0:56 of 2nd period - Shot by Mike Santorelli.
0:56 of 2nd period - Stopped by Eddie Lack with a rebound.
1:00 of 2nd period - Shot by Kyle Brodziak.
1:00 of 2nd period - Stopped by Eddie Lack without a rebound.
1:01 of 2nd period - Jean-Gabriel Pageau wins face-off versus Leo Komarov in Hurricanes zone.
1:06 of 2nd period - Shot by Jean-Gabriel Pageau.
1:06 of 2nd period - Shot Blocked by Keith Yandle.
1:54 of 2nd period - Jean-Gabriel Pageau is hit by Dustin Byfuglien and loses puck.
2:09 of 2nd period - Shot by Nick Foligno.
2:09 of 2nd period - Shot Misses the Net.
2:11 of 2nd period - Shot by Bryan Little.
2:11 of 2nd period - Shot Misses the Net.
2:13 of 2nd period - Shot by Nick Foligno.
2:13 of 2nd period - Shot Misses the Net.
2:55 of 2nd period - Shot by Carl Hagelin.
2:55 of 2nd period - Shot Misses the Net.
4:01 of 2nd period - Icing by Andrew MacDonald.
4:02 of 2nd period - Kyle Brodziak wins face-off versus Brad Richardson in Flyers zone.
4:02 of 2nd period - Kyle Brodziak is hit by Patrick Maroon.
4:34 of 2nd period - Shot by Mike Santorelli.
4:34 of 2nd period - Goal by Mike Santorelli - Hurricanes : 1 - Flyers : 1.
4:35 of 2nd period - Bryan Little wins face-off versus James Sheppard in neutral zone.
4:42 of 2nd period - Shot by Nick Foligno.
4:42 of 2nd period - Stopped by Devan Dubnyk with a rebound.
4:48 of 2nd period - Dustin Byfuglien is hit by Gabriel Bourque and loses puck.
4:53 of 2nd period - Shot by James Sheppard.
4:53 of 2nd period - Shot Blocked by Dustin Byfuglien.
4:55 of 2nd period - Shot by Andrew MacDonald.
4:55 of 2nd period - Stopped by Eddie Lack without a rebound.
4:56 of 2nd period - Jean-Gabriel Pageau wins face-off versus Leo Komarov in Hurricanes zone.
5:35 of 2nd period - Icing by Leo Komarov.
5:36 of 2nd period - Alexander Killorn wins face-off versus Leo Komarov in Hurricanes zone.
5:52 of 2nd period - Alexander Killorn is hit by Ron Hainsey and loses puck.
6:11 of 2nd period - Shot by Scott Gomez.
6:11 of 2nd period - Goal by Scott Gomez - Hurricanes : 2 - Flyers : 1.
6:12 of 2nd period - Bryan Little wins face-off versus Kyle Brodziak in neutral zone.
6:25 of 2nd period - Shot by Scott Gomez.
6:25 of 2nd period - Shot Misses the Net.
6:40 of 2nd period - Bryan Little is hit by Luca Sbisa and loses puck.
6:43 of 2nd period - Shot by Nick Foligno.
6:43 of 2nd period - Stopped by Devan Dubnyk without a rebound.
6:44 of 2nd period - Carl Hagelin wins face-off versus Joel Ward in Flyers zone.
6:51 of 2nd period - Carl Hagelin is hit by Jean-Gabriel Pageau and loses puck.
7:01 of 2nd period - Icing by Carl Hagelin.
7:02 of 2nd period - Brad Richardson wins face-off versus Mike Ribeiro in Hurricanes zone.
7:13 of 2nd period - Shot by Patrick Maroon.
7:13 of 2nd period - Shot Misses the Net.
7:35 of 2nd period - Shot by Patrick Maroon.
7:35 of 2nd period - Stopped by Devan Dubnyk without a rebound.
7:36 of 2nd period - Bryan Little wins face-off versus Kyle Brodziak in Flyers zone.
8:20 of 2nd period - Luca Sbisa is hit by Nick Foligno and loses puck.
9:15 of 2nd period - Icing by Leo Komarov.
9:16 of 2nd period - Jean-Gabriel Pageau wins face-off versus Leo Komarov in Hurricanes zone.
9:17 of 2nd period - Shot by Pierre-Alexandr Parenteau.
9:17 of 2nd period - Deflect By Jean-Gabriel Pageau.
9:17 of 2nd period - Shot Blocked by Leo Komarov.
9:24 of 2nd period - Damon Severson is hit by Ron Hainsey and loses puck.
9:30 of 2nd period - Pierre-Alexandr Parenteau is hit by Keith Yandle and loses puck.
9:39 of 2nd period - Shot by Joel Ward.
9:39 of 2nd period - Shot Blocked by Ron Hainsey.
9:41 of 2nd period - Shot by Pierre-Alexandr Parenteau.
9:41 of 2nd period - Shot Misses the Net.
9:43 of 2nd period - Shot by Dan Boyle.
9:43 of 2nd period - Stopped by Eddie Lack with a rebound.
9:45 of 2nd period - Shot by Joel Ward.
9:45 of 2nd period - Shot Blocked by Keith Yandle.
9:47 of 2nd period - Shot by Joel Ward.
9:47 of 2nd period - Stopped by Eddie Lack without a rebound.
9:48 of 2nd period - Mike Ribeiro wins face-off versus Bryan Little in Hurricanes zone.
10:27 of 2nd period - Shot by Brian Gionta.
10:27 of 2nd period - Stopped by Eddie Lack without a rebound.
10:28 of 2nd period - Brian Boyle wins face-off versus James Sheppard in Hurricanes zone.
11:01 of 2nd period - Shot by Shawn Matthias.
11:01 of 2nd period - Shot Misses the Net.
11:03 of 2nd period - Shot by Brian Boyle.
11:03 of 2nd period - Shot Blocked by Andrew MacDonald.
11:07 of 2nd period - Shot by Brian Boyle.
11:07 of 2nd period - Stopped by Devan Dubnyk without a rebound.
11:08 of 2nd period - Pierre-Alexandr Parenteau wins face-off versus Bryan Little in Flyers zone.
11:08 of 2nd period - Pierre-Alexandr Parenteau is hit by Nick Foligno.
11:25 of 2nd period - Shot by Bryan Little.
11:25 of 2nd period - Shot Misses the Net.
11:27 of 2nd period - Shot by Nick Foligno.
11:27 of 2nd period - Deflect By Scott Gomez.
11:27 of 2nd period - Stopped by Devan Dubnyk with a rebound.
11:29 of 2nd period - Shot by Nick Foligno.
11:29 of 2nd period - Stopped by Devan Dubnyk with a rebound.
11:39 of 2nd period - Shot by Nick Foligno.
11:39 of 2nd period - Shot Blocked by Dan Boyle.
11:41 of 2nd period - Shot by James Wisniewski.
11:41 of 2nd period - Shot Hit the Post.
11:51 of 2nd period - Joel Ward is hit by Nick Foligno and loses puck.
13:09 of 2nd period - Shot by Mike Santorelli.
13:09 of 2nd period - Stopped by Eddie Lack without a rebound.
13:10 of 2nd period - Brad Richardson wins face-off versus Damien Brunner in Hurricanes zone.
13:19 of 2nd period - Shot by Carl Hagelin.
13:19 of 2nd period - Deflect By Brad Richardson.
13:19 of 2nd period - Stopped by Devan Dubnyk without a rebound.
13:20 of 2nd period - Kyle Brodziak wins face-off versus Bryan Little in Flyers zone.
13:27 of 2nd period - Kyle Brodziak is hit by Nick Foligno and loses puck.
13:32 of 2nd period - Shot by Nick Foligno.
13:32 of 2nd period - Shot Blocked by Andrew MacDonald.
13:41 of 2nd period - Shot by Scott Gomez.
13:41 of 2nd period - Shot Misses the Net.
13:44 of 2nd period - Minor Penalty to Luca Sbisa for Tripping.
13:45 of 2nd period - Kyle Brodziak wins face-off versus Bryan Little in Flyers zone.
14:17 of 2nd period - Shot by Shawn Matthias.
14:17 of 2nd period - Shot Misses the Net.
14:31 of 2nd period - Shot by James Sheppard.
14:31 of 2nd period - Stopped by Eddie Lack without a rebound.
14:32 of 2nd period - Scott Gomez wins face-off versus James Sheppard in Hurricanes zone.
15:08 of 2nd period - Icing by Patrick Maroon.
15:09 of 2nd period - Scott Gomez wins face-off versus Kyle Brodziak in Hurricanes zone.
15:51 of 2nd period - Shot by Shawn Matthias.
15:51 of 2nd period - Stopped by Devan Dubnyk without a rebound.
15:52 of 2nd period - Mike Ribeiro wins face-off versus Brian Boyle in Flyers zone.
15:56 of 2nd period - Off-side.
15:57 of 2nd period - Mike Ribeiro wins face-off versus Brian Boyle in neutral zone.
16:27 of 2nd period - Carl Hagelin is hit by Ryan Ellis and loses puck.
16:55 of 2nd period - Icing by Nick Foligno.
16:56 of 2nd period - Nick Foligno wins face-off versus Kyle Brodziak in Hurricanes zone.
17:54 of 2nd period - Shot by Keith Yandle.
17:54 of 2nd period - Stopped by Devan Dubnyk without a rebound.
17:55 of 2nd period - Patrick Maroon wins face-off versus Jean-Gabriel Pageau in Flyers zone.
18:01 of 2nd period - Icing by Jean-Gabriel Pageau.
18:02 of 2nd period - Jean-Gabriel Pageau wins face-off versus Patrick Maroon in Flyers zone.
18:17 of 2nd period - Brian Strait is hit by Jean-Gabriel Pageau and loses puck.
18:29 of 2nd period - Icing by Andrew MacDonald.
18:30 of 2nd period - Jean-Gabriel Pageau wins face-off versus Scott Gomez in Flyers zone.
19:24 of 2nd period - Shot by Mike Ribeiro.
19:24 of 2nd period - Shot Misses the Net.
19:42 of 2nd period - Patrick Maroon is hit by Alexander Killorn and loses puck.
19:52 of 2nd period - Off-side.
19:53 of 2nd period - Kyle Brodziak wins face-off versus Leo Komarov in neutral zone.
Goals for this period are 1 for Hurricanes vs 1 for Flyers.
Shots for this period are 11 for Hurricanes vs 9 for Flyers.

3rd period


0:01 of 3rd period - Jean-Gabriel Pageau wins face-off versus Bryan Little in neutral zone.
0:43 of 3rd period - Shot by Joel Ward.
0:43 of 3rd period - Stopped by Eddie Lack without a rebound.
0:44 of 3rd period - Leo Komarov wins face-off versus Kyle Brodziak in Hurricanes zone.
0:44 of 3rd period - Leo Komarov is hit by Kyle Brodziak.
0:58 of 3rd period - Shot by Damien Brunner.
0:58 of 3rd period - Shot Misses the Net.
1:50 of 3rd period - Minor Penalty to Brian Gionta for Hooking.
1:51 of 3rd period - Shawn Matthias wins face-off versus James Sheppard in Flyers zone.
3:35 of 3rd period - Off-side.
3:36 of 3rd period - Bryan Little wins face-off versus Mike Santorelli in neutral zone.
4:06 of 3rd period - Icing by Dan Boyle.
4:07 of 3rd period - Mike Ribeiro wins face-off versus Leo Komarov in Flyers zone.
4:26 of 3rd period - Damon Severson is hit by Leo Komarov.
4:27 of 3rd period - Icing by Damon Severson.
4:28 of 3rd period - Bryan Little wins face-off versus Mike Ribeiro in Flyers zone.
4:33 of 3rd period - Shot by Nick Foligno.
4:33 of 3rd period - Deflect By Scott Gomez.
4:33 of 3rd period - Shot Misses the Net.
4:35 of 3rd period - Shot by Scott Gomez.
4:35 of 3rd period - Shot Misses the Net.
5:24 of 3rd period - Icing by Dustin Byfuglien.
5:25 of 3rd period - Jean-Gabriel Pageau wins face-off versus Brad Richardson in Hurricanes zone.
5:50 of 3rd period - Dustin Byfuglien is hit by Tom Gilbert and loses puck.
5:59 of 3rd period - Shot by Brad Richardson.
5:59 of 3rd period - Deflect By Carl Hagelin.
5:59 of 3rd period - Stopped by Devan Dubnyk without a rebound.
6:00 of 3rd period - Leo Komarov wins face-off versus James Sheppard in Flyers zone.
6:06 of 3rd period - Minor Penalty to Luca Sbisa for Hooking.
6:07 of 3rd period - Bryan Little wins face-off versus Kyle Brodziak in Flyers zone.
6:35 of 3rd period - Shot by Bryan Little.
6:35 of 3rd period - Stopped by Devan Dubnyk with a rebound.
6:37 of 3rd period - Shot by Shawn Matthias.
6:37 of 3rd period - Shot Misses the Net.
6:39 of 3rd period - Shot by Keith Yandle.
6:39 of 3rd period - Shot Misses the Net.
6:41 of 3rd period - Shot by Bryan Little.
6:41 of 3rd period - Stopped by Devan Dubnyk without a rebound.
6:42 of 3rd period - Scott Gomez wins face-off versus Kyle Brodziak in Flyers zone.
6:57 of 3rd period - Shot by James Wisniewski.
6:57 of 3rd period - Stopped by Devan Dubnyk with a rebound.
6:59 of 3rd period - Shot by Dustin Byfuglien.
6:59 of 3rd period - Shot Misses the Net.
7:01 of 3rd period - Shot by James Wisniewski.
7:01 of 3rd period - Stopped by Devan Dubnyk without a rebound.
7:02 of 3rd period - Bryan Little wins face-off versus Joel Ward in Flyers zone.
7:31 of 3rd period - Shot by Bryan Little.
7:31 of 3rd period - Shot Misses the Net.
8:07 of 3rd period - Shot by Michael Frolik.
8:07 of 3rd period - Shot Blocked by Dan Boyle.
8:27 of 3rd period - Shot by Alexander Killorn.
8:27 of 3rd period - Shot Misses the Net.
8:46 of 3rd period - Brian Gionta is hit by Brian Strait and loses puck.
9:21 of 3rd period - Shot by Damien Brunner.
9:21 of 3rd period - Goal by Damien Brunner - Hurricanes : 2 - Flyers : 2.
9:22 of 3rd period - Bryan Little wins face-off versus Pierre-Alexandr Parenteau in neutral zone.
9:56 of 3rd period - Shot by Pierre-Alexandr Parenteau.
9:56 of 3rd period - Shot Misses the Net.
10:04 of 3rd period - Shot by Joel Ward.
10:04 of 3rd period - Shot Misses the Net.
10:16 of 3rd period - Mike Santorelli is hit by Nick Foligno and loses puck.
10:37 of 3rd period - Shot by Carl Hagelin.
10:37 of 3rd period - Shot Misses the Net.
10:39 of 3rd period - Shot by Carl Hagelin.
10:39 of 3rd period - Stopped by Devan Dubnyk without a rebound.
10:40 of 3rd period - Brian Boyle wins face-off versus Mike Ribeiro in Flyers zone.
11:55 of 3rd period - Icing by Luca Sbisa.
11:56 of 3rd period - Jean-Gabriel Pageau wins face-off versus Bryan Little in Flyers zone.
12:15 of 3rd period - Icing by Bryan Little.
12:16 of 3rd period - Kyle Brodziak wins face-off versus Bryan Little in Hurricanes zone.
12:16 of 3rd period - Ryan Ellis is hit by Brooks Orpik.
12:45 of 3rd period - Shot by Nick Foligno.
12:45 of 3rd period - Stopped by Devan Dubnyk without a rebound.
12:46 of 3rd period - Leo Komarov wins face-off versus Jean-Gabriel Pageau in Flyers zone.
12:57 of 3rd period - Shot by Jean-Gabriel Pageau.
12:57 of 3rd period - Shot Misses the Net.
12:59 of 3rd period - Shot by Joel Ward.
12:59 of 3rd period - Shot Misses the Net.
13:25 of 3rd period - Shot by Jean-Gabriel Pageau.
13:25 of 3rd period - Stopped by Eddie Lack without a rebound.
13:26 of 3rd period - Kyle Brodziak wins face-off versus Brad Richardson in Hurricanes zone.
13:26 of 3rd period - Mike Santorelli is hit by Ron Hainsey and loses puck.
13:41 of 3rd period - Shot by Carl Hagelin.
13:41 of 3rd period - Deflect By Patrick Maroon.
13:41 of 3rd period - Stopped by Devan Dubnyk with a rebound.
13:43 of 3rd period - Shot by Keith Yandle.
13:43 of 3rd period - Stopped by Devan Dubnyk with a rebound.
13:45 of 3rd period - Shot by Carl Hagelin.
13:45 of 3rd period - Stopped by Devan Dubnyk with a rebound.
13:51 of 3rd period - Shot by Brad Richardson.
13:51 of 3rd period - Stopped by Devan Dubnyk with a rebound.
13:53 of 3rd period - Shot by Brad Richardson.
13:53 of 3rd period - Shot Misses the Net.
13:59 of 3rd period - Shot by Brad Richardson.
13:59 of 3rd period - Stopped by Devan Dubnyk without a rebound.
14:00 of 3rd period - Bryan Little wins face-off versus Mike Ribeiro in Flyers zone.
14:33 of 3rd period - Shot by Alexander Killorn.
14:33 of 3rd period - Stopped by Eddie Lack without a rebound.
14:34 of 3rd period - Jean-Gabriel Pageau wins face-off versus Leo Komarov in Hurricanes zone.
14:43 of 3rd period - Shot by Joel Ward.
14:43 of 3rd period - Stopped by Eddie Lack without a rebound.
14:44 of 3rd period - Brad Richardson wins face-off versus James Sheppard in Hurricanes zone.
14:44 of 3rd period - Brad Richardson is hit by Gabriel Bourque.
15:53 of 3rd period - Icing by Ron Hainsey.
15:54 of 3rd period - Bryan Little wins face-off versus Mike Ribeiro in Hurricanes zone.
15:54 of 3rd period - Bryan Little is hit by Alexander Killorn.
16:58 of 3rd period - Shot by Michael Frolik.
16:58 of 3rd period - Shot Blocked by Dan Boyle.
17:00 of 3rd period - Shot by Jamie McGinn.
17:00 of 3rd period - Shot Misses the Net.
17:03 of 3rd period - Michael Frolik is hit by Dan Boyle and loses puck.
17:09 of 3rd period - Leo Komarov is hit by Dan Boyle and loses puck.
17:56 of 3rd period - Icing by Jean-Gabriel Pageau.
17:57 of 3rd period - Jean-Gabriel Pageau wins face-off versus Bryan Little in Flyers zone.
17:59 of 3rd period - Icing by Ryan Ellis.
18:00 of 3rd period - Bryan Little wins face-off versus Jean-Gabriel Pageau in Flyers zone.
18:00 of 3rd period - Bryan Little is hit by Ryan Ellis.
18:24 of 3rd period - Shot by Pierre-Alexandr Parenteau.
18:24 of 3rd period - Shot Misses the Net.
18:26 of 3rd period - Shot by Jean-Gabriel Pageau.
18:26 of 3rd period - Shot Misses the Net.
18:30 of 3rd period - Shot by Jean-Gabriel Pageau.
18:30 of 3rd period - Deflect By Joel Ward.
18:30 of 3rd period - Stopped by Eddie Lack without a rebound.
18:31 of 3rd period - Kyle Brodziak wins face-off versus Leo Komarov in Hurricanes zone.
18:34 of 3rd period - Shot by Mike Santorelli.
18:34 of 3rd period - Shot Misses the Net.
18:36 of 3rd period - Shot by Kyle Brodziak.
18:36 of 3rd period - Stopped by Eddie Lack without a rebound.
18:37 of 3rd period - Leo Komarov wins face-off versus Kyle Brodziak in Hurricanes zone.
18:50 of 3rd period - Luca Sbisa is hit by Leo Komarov and loses puck.
19:12 of 3rd period - Luca Sbisa is hit by Leo Komarov and loses puck.
19:28 of 3rd period - Icing by Leo Komarov.
19:29 of 3rd period - Leo Komarov wins face-off versus Jean-Gabriel Pageau in Hurricanes zone.
19:31 of 3rd period - Icing by Michael Frolik.
19:32 of 3rd period - Jean-Gabriel Pageau wins face-off versus Leo Komarov in Hurricanes zone.
19:44 of 3rd period - Shot by Joel Ward.
19:44 of 3rd period - Deflect By Jean-Gabriel Pageau.
19:44 of 3rd period - Stopped by Eddie Lack without a rebound.
19:45 of 3rd period - Mike Ribeiro wins face-off versus Bryan Little in Hurricanes zone.
Goals for this period are 0 for Hurricanes vs 1 for Flyers.
Shots for this period are 12 for Hurricanes vs 8 for Flyers.

Overtime #1


0:01 of 1st overtime period - Jean-Gabriel Pageau wins face-off versus Bryan Little in neutral zone.
0:42 of 1st overtime period - Shot by Bryan Little.
0:42 of 1st overtime period - Goal by Bryan Little - Hurricanes : 3 - Flyers : 2.
Goals for this period are 1 for Hurricanes vs 0 for Flyers.
Shots for this period are 1 for Hurricanes vs 0 for Flyers.